 Dungeon Crawl Stone Soup version 0.28-a0-1234-g826d19b2e0 (webtiles) character file.

Game seed: 9077857637852292074

2758 dr0g0th the Basher (level 9, 0/56 HPs)
             Began as a Gargoyle Fighter on Dec 23, 2021.
             Was a Follower of Okawaru.
             Slain by Duvessa (11 damage)
             ... on level 7 of the Dungeon.
             The game lasted 00:08:58 (6777 turns).

dr0g0th the Basher (Gargoyle Fighter)               Turns: 6777, Time: 00:08:59

Health: 0/56       AC: 14    Str: 22    XL:     9   Next: 69%
Magic:  9/9        EV: 10    Int:  9    God:    Okawaru [*.....]
Gold:   366        SH:  5    Dex: 11    Spells: 8/8 levels left

rFire   . . .      SeeInvis .   e - +2 demon whip (elec)
rCold   . . .      Faith    .   c - +0 buckler
rNeg    + . .      Spirit   .   b - +0 scale mail
rPois   ∞          Reflect  .   (no helmet)
rElec   +          Harm     .   (no cloak)
rCorr   .          Rampage  .   (no gloves)
Will    .....                   (no boots)
Stlth   ..........              (no amulet)
HPRegen 0.18/turn               (no ring)
MPRegen 0.11/turn               (no ring)

@: no status effects
A: sickness immunity, AC +6, negative energy resistance 1, electricity
resistance, torment resistance 1, petrification resistance
a: Renounce Religion, Heroism


You were on level 7 of the Dungeon.
You worshipped Okawaru.
Okawaru was aware of your devotion.
You visited 2 branches of the dungeon, and saw 8 of its levels.

You collected 366 gold pieces.

Inventory:

Hand Weapons
 e - a +2 demon whip of electrocution (weapon)
Missiles
 g - a throwing net (quivered)
Armour
 b - a +0 scale mail (worn)
 c - a +0 buckler (worn)
Jewellery
 f - a ring of willpower
 l - a +6 ring of intelligence
Wands
 i - a wand of polymorph (3)
 o - a wand of iceblast (8)
Scrolls
 a - 2 scrolls of identify
 h - 9 scrolls of teleportation
 k - 2 scrolls of blinking
 n - 2 scrolls of fog {unknown}
 t - a scroll of torment {unknown}
 u - a scroll of noise {unknown}
 w - a scroll of acquirement
 x - a scroll of enchant armour {unknown}
 y - a scroll of silence {unknown}
Potions
 d - a potion of attraction {unknown}
 j - a potion of cancellation
 m - 3 potions of ambrosia {unknown}
 p - 2 potions of lignification {unknown}
 q - 2 potions of haste
 s - 2 potions of curing {unknown}
 v - a potion of invisibility {unknown}


   Skills:
 + Level 6.6 Fighting
 + Level 9.6 Maces & Flails
 + Level 0.1 Throwing
 + Level 6.8 Armour
 + Level 2.7 Dodging
 + Level 0.9 Stealth
 + Level 4.8 Shields


You had 8 spell levels left.
You didn't know any spells.
Your spell library contained the following spells:

 Spells                   Type           Power      Damage    Failure   Level
 Ensorcelled Hibernation  Hex/Ice        0%         N/A       82%         2
 Passwall                 Tmut/Erth      0%         N/A       82%         2
 Conjure Flame            Conj/Fire      0%         6-21      96%         3
 Gell's Gravitas          Tloc           0%         N/A       96%         3
 Ignite Poison            Fire/Tmut/Pois 0%         N/A       96%         3
 Lesser Beckoning         Tloc           0%         N/A       96%         3
 Mephitic Cloud           Conj/Pois/Air  0%         N/A       96%         3
 Spider Form              Tmut/Pois      0%         N/A       96%         3
 Swiftness                Air            0%         N/A       96%         3
 Teleport Other           Tloc           0%         N/A       96%         3
 Fireball                 Conj/Fire      0%         3d3       100%        5
 Freezing Cloud           Conj/Ice/Air   0%         6-21      100%        5
 Summon Forest            Summ/Tloc      Unusable   N/A       N/A         5

Dungeon Overview and Level Annotations

Branches:
Dungeon (7/15)             Temple (1/1) D:7

Altars:
Cheibriados
Elyvilon
Fedhas
Hepliaklqana
Okawaru
Qazlal
Ru
Sif Muna
Trog
Uskayaw
Xom
Yredelemnul

Shops:
D:2 (   D:3 =(   D:6 !

Annotations:
D:7 Duvessa


Innate Abilities, Weirdness & Mutations

You are immune to sickness and miasma.
Your stone body is resilient. (AC +6)
You are immune to poison.
You resist negative energy. (rN+)
You are resistant to electric shocks. (rElec)
You are resistant to unholy torment.
You are immune to petrification.


Message History

The wight is almost destroyed.
The wight hits you with a +0 scimitar.
You closely miss the wight.
The wight is almost destroyed.
The wight completely misses you.
You hit the wight.
You destroy the wight!
Okawaru accepts your kill.
You hit the wight but do no damage. The wight closely misses you.
You closely miss the wight. You whack the wight!
The wight is almost destroyed.
The wight barely misses you.
You whack the wight!
You destroy the wight!
Okawaru accepts your kill.
Duvessa, Sister of Dowan comes into view.
She is wielding a +0 rapier.
Duvessa goes berserk!
Items here: )) [[.
Duvessa is nearby!
You hear a shout!
Duvessa rages.
Things that are here:
a +0 dagger of draining; a +0 robe You whack Duvessa!
Duvessa is moderately wounded.
Duvessa hits you with a +0 rapier!
You hit Duvessa but do no damage.
Duvessa is moderately wounded.
Duvessa hits you with a +0 rapier!
* * * LOW HITPOINT WARNING * * *
You whack Duvessa!
Duvessa is heavily wounded.
Duvessa barely misses you.
You barely miss Duvessa.
Duvessa is heavily wounded.
You barely miss Duvessa.
Duvessa is heavily wounded.
Duvessa hits you with a +0 rapier!
You die...

# #.# # #.#
... ##.# ##
... #... .. ..
#..### e#
#..#.# ..
#..#@###.###.#
#....e))......
#.#########...
#.# #.# #.#
#+#+# #.#
#.#.# #.#
#.#.# #.#
#.#.##


You could see Duvessa (berserk).

Vanquished Creatures
  A gargoyle (D:5)
  Sigmund (D:5)
  2 steam dragons
  A water moccasin (D:7)
  2 acid dragons
  A black bear (D:4)
  An ogre (D:5)
  2 centaurs (D:6)
  2 scorpions
  A wyvern skeleton (D:5)
  Dowan (D:7)
  8 wights
  An electric eel (D:7)
  3 howler monkeys
  2 bullfrog zombies
  3 hounds
  2 orc priests (D:5)
  A gnoll shaman (D:6)
  A centaur skeleton (D:7)
  An iguana (D:5)
  4 orc wizards
  A killer bee zombie (D:7)
  A hound skeleton (D:5)
  5 adders
  7 gnolls
  A shadow imp (D:6)
  2 white imps
  2 ufetubi (D:5)
  An adder skeleton (D:4)
  3 worms (D:4)
  3 dart slugs
  21 orcs
  6 ball pythons
  4 endoplasms
  2 giant cockroaches (D:1)
  4 goblins
  3 hobgoblins
  4 quokkas
  4 bats
  2 frilled lizards
  7 kobolds
  5 rats
129 creatures vanquished.

Vanquished Creatures (collateral kills)
  A hound skeleton (D:5)
1 creature vanquished.

Grand Total: 130 creatures vanquished

Notes
Turn   | Place    | Note
-------+----------+-------------------------------------------
     0 | D:1      | dr0g0th the Gargoyle Fighter began the quest for the Orb.
     0 | D:1      | Reached XP level 1. HP: 14/14 MP: 1/1
   279 | D:1      | Found a faded altar of an unknown god.
   284 | D:1      | Reached XP level 2. HP: 19/19 MP: 2/2
   990 | D:2      | Reached XP level 3. HP: 24/24 MP: 3/3
  1210 | D:2      | Reached skill level 3 in Maces & Flails
  1210 | D:2      | Reached XP level 4. HP: 26/29 MP: 4/4
  1255 | D:2      | Found Keok's Weapon Boutique.
  1896 | D:3      | Found a stormy altar of Qazlal.
  1948 | D:3      | Found a bloodstained altar of Trog.
  1985 | D:3      | Found Fupreaf's Antique Weapon Shoppe.
  2135 | D:3      | Found Ryvval's Jewellery Boutique.
  2248 | D:3      | Noticed a scorpion
  2265 | D:3      | Killed a scorpion
  2266 | D:3      | Reached XP level 5. HP: 10/33 MP: 5/5
  2780 | D:4      | Reached skill level 4 in Maces & Flails
  2879 | D:4      | Reached XP level 6. HP: 30/38 MP: 6/6
  3027 | D:4      | Got the Grimoire of Supportive Conjuration
  3057 | D:4      | Noticed a black bear
  3062 | D:4      | Killed a black bear
  3063 | D:4      | Reached skill level 1 in Dodging
  3089 | D:4      | Identified a scroll of acquirement
  3089 | D:4      | Acquired a +2 demon whip of electrocution
  3609 | D:5      | Entered Level 5 of the Dungeon
  3629 | D:5      | Reached skill level 5 in Maces & Flails
  3653 | D:4      | Reached XP level 7. HP: 21/44 MP: 7/7
  4147 | D:5      | Reached skill level 5 in Armour
  4160 | D:5      | Reached skill level 6 in Maces & Flails
  4361 | D:5      | Noticed a gargoyle
  4397 | D:5      | Killed a gargoyle
  4398 | D:5      | Reached skill level 5 in Fighting
  4398 | D:5      | Reached skill level 7 in Maces & Flails
  4398 | D:5      | Reached XP level 8. HP: 17/49 MP: 8/8
  4671 | D:5      | Noticed Sigmund
  4680 | D:5      | Killed Sigmund
  5023 | D:6      | Reached skill level 8 in Maces & Flails
  5179 | D:6      | Reached XP level 9. HP: 50/55 MP: 9/9
  5206 | D:6      | Found Kitunara's Distillery.
  6186 | D:7      | Found a staircase to the Ecumenical Temple.
  6197 | Temple   | Entered the Ecumenical Temple
  6366 | Temple   | Became a worshipper of Warmaster Okawaru
  6436 | D:7      | Reached skill level 9 in Maces & Flails
  6728 | D:7      | Noticed Dowan
  6741 | D:7      | Reached * piety under Okawaru
  6758 | D:7      | Killed Dowan
  6769 | D:7      | Noticed Duvessa
  6777 | D:7      | Slain by Duvessa

Illustrated notes

Levels and vault maps discovered:
D:1:      grunt_arrival_crossed_arrows, layout_loops_ring,
          dreamdust_ecumenical_altar_grove, minivault_19
D:2:      layout_basic, serial_shops, nicolae_shop_bloodbath_and_beyond
D:3:      layout_loops_cross, mainiacjoe_overflow_catch_the_wave, serial_shops,
          shop, shop, minmay_strange_pillars, minmay_misc_feat_more_columns
D:4:      layout_basic
D:5:      layout_cave_pools, uniq_sigmund
D:6:      layout_loops_ring, serial_shops, nicolae_diamond_shop,
          nicolae_elevator_lobby_plus
D:7:      layout_basic, minmay_temple_entry_glass, grunt_livestock,
          kennysheep_small_spiral, minmay_misc_feat_roman, uniq_duvessa
Temple:   regret_index_temple_generic_petals

Skill      XL: |  1  2  3  4  5  6  7  8  9 |
---------------+----------------------------+-----
Maces & Flails | 3 4 5 7 8 9 |  9.6
Armour         | 4 5 6 |  6.8
Fighting       | 4 5 6 |  6.6
Dodging        | 1 2 |  2.7
Shields        | 4 |  4.8
Throwing       | |  0.1
Stealth        | |  0.9

Action                   |  1- 3 |  4- 6 |  7- 9 || total
-------------------------+-------+-------+-------++-------
Melee: Flail             |    73 |   144 |       ||   217
       Demon whip        |       |    51 |   225 ||   276
Throw: Throwing net      |       |       |     2 ||     2
  Use: Scroll            |       |    10 |       ||    10
       Potion            |       |     1 |     3 ||     4
Armor: Scale mail        |    35 |    80 |    86 ||   201
Dodge: Dodged            |    31 |    83 |    94 ||   208
Block: Buckler           |    18 |    50 |    33 ||   101

Table legend: (Time is in decaauts)
 A = Elapsed time spent in this place.
 B = Non-inter-level travel time spent in this place.
 C = Inter-level travel time spent in this place.
 D = Time resting spent in this place.
 E = Time spent auto-exploring this place.
 F = Levels seen in this place.
 G = Mean time per level.
                   A        B        C        D        E       F      G
               +--------+--------+--------+--------+--------+-----+--------+
         Total |   6746 |   6498 |    248 |    947 |   4532 |   8 |  843.2 |
       Dungeon |   6550 |   6343 |    207 |    947 |   4382 |   7 |  935.7 |
        Temple |    195 |    154 |     41 |      0 |    150 |   1 |  195.0 |
               +--------+--------+--------+--------+--------+-----+--------+

Top non-repeatable levels by time:
     D:6: 1207 daAuts
     D:5: 1080 daAuts
     D:4: 1041 daAuts
     D:1: 972 daAuts
     D:3: 971 daAuts
     D:2: 843 daAuts
     D:7: 433 daAuts
  Temple: 195 daAuts
